 Dungeon Crawl Stone Soup version 0.25.1-1-g288607f5aa (webtiles) character file.

Game seed: 16766631338997637240

1955 Delamore the Cleaver (level 9, -7/71 HPs)
             Began as a Formicid Fighter on July 27, 2020.
             Mangled by an ogre
             ... wielding a +0 giant club
              (12 damage)
             ... on level 6 of the Dungeon.
             The game lasted 00:06:07 (7837 turns).

Delamore the Cleaver (Formicid Fighter)             Turns: 7837, Time: 00:06:08

Health: -7/71      AC:  6    Str: 24    XL:     9   Next: 42%
Magic:  9/9        EV:  8    Int:  8    God:
Gold:   285        SH:  9    Dex: 10    Spells: 8/8 levels left

rFire    . . .     SeeInvis +   L - +2 broad axe (flame)
rCold    . . .     Gourm    .   c - +0 kite shield
rNeg     . . .     Faith    .   r - +0 ring mail
rPois    .         Spirit   .   (helmet unavailable)
rElec    .         Reflect  .   u - +0 cloak
rCorr    .         Harm     .   (no gloves)
MR       .....                  (no boots)
Stlth    ..........             g - amulet of regeneration
HPRegen  0.61/turn              (no ring)
MPRegen  0.11/turn              (no ring)

@: flying
A: permanent stasis, dig shafts and tunnels, four strong arms, antennae 3
a: Dig, Shaft Self


You were on level 6 of the Dungeon.
You were not hungry.

You visited 1 branch of the dungeon, and saw 7 of its levels.

You collected 285 gold pieces.

Inventory:

Hand Weapons
 a - a +0 war axe
 F - the +0 war axe of the Spectre {vorpal, rElec}
   (You found it on level 4 of the Dungeon)

   It inflicts extra damage upon your enemies.
   It insulates you from electricity.
 L - a +2 broad axe of flaming (weapon)
Missiles
 C - 7 curare-tipped darts (quivered)
Armour
 b - a +0 scale mail
 c - a +0 kite shield (worn)
 k - a +0 chain mail
 r - a +0 ring mail (worn)
 u - a +0 cloak (worn)
 I - a +0 plate armour
Jewellery
 g - an amulet of regeneration (around neck)
 x - an uncursed ring of fire
Wands
 t - a wand of paralysis (9)
 v - a wand of random effects (13)
 y - a wand of digging (4)
Scrolls
 e - 3 scrolls of identify
 h - a scroll of fear
 i - 4 scrolls of remove curse
 l - a scroll of amnesia {unknown}
 m - a scroll of vulnerability {unknown}
 q - 3 scrolls of blinking {unknown}
 s - 3 scrolls of enchant weapon {unknown}
 A - 5 scrolls of magic mapping {unknown}
Potions
 d - 3 potions of might
 j - a potion of ambrosia
 n - 3 potions of lignification {unknown}
 o - 2 potions of cancellation
 w - a potion of stabbing {unknown}
 z - a potion of heal wounds {unknown}
 B - a potion of haste {unknown}
 D - 4 potions of flight
 E - a potion of magic {unknown}
 H - a potion of curing {unknown}
 J - a potion of brilliance {unknown}
Comestibles
 f - 10 rations
 p - 10 chunks of flesh


   Skills:
 + Level 6.7 Fighting
 + Level 10.5 Axes
 - Level 3.2 Armour
 - Level 3.6 Shields


You had 8 spell levels left.
You didn't know any spells.
Your spell library was empty.

Dungeon Overview and Level Annotations

Branches:
Dungeon (7/15)
 Temple: D:4-7

Altars:
Elyvilon
Fedhas
Gozag
Qazlal
Ru
Sif Muna
Vehumet
Xom
Yredelemnul
Zin


Innate Abilities, Weirdness & Mutations

You cannot be hasted, slowed, berserked, paralysed or teleported.
You can dig through walls and to a lower floor.
Your four strong arms can wield two-handed weapons with a shield.
You have a pair of large antennae on your head. (SInv)


Message History

You are too injured to fight recklessly!
You are too injured to fight recklessly!
You are too injured to fight recklessly!
You are too injured to fight recklessly!
You are too injured to fight recklessly!
You are too injured to fight recklessly!
You are too injured to fight recklessly!
You are too injured to fight recklessly!
The orc wizard points at you and mumbles some strange words.
The magic dart hits you.
There is a stone staircase leading up, spattered with blood here.
You see here 2 arrows.
The ogre hits you with a +0 giant club!!
* * * LOW HITPOINT WARNING * * *
You climb upwards.
There is a stone staircase leading down, spattered with blood here.
It was a potion of flight.
You feel very buoyant.
You fly up into the air.
The ogre hits you with a +0 giant club!
You die...

.########.#.........#.#..........
........#.#######......#.###.#...
########....# #......#.#.......
..##...##.#.#####......#......#..
###.._.#...............##.......[
###....#..#.######...........##.#
#.'....#..#..........#........[..
..#....#..#......[..########..#.#
###.._.#........@O..........[.#.#
..##...#..#.#####).##.........#..
...#####....#####.............#.#
[.......###.#...####............#
()......# #.#...# ##..........#.#
.......## #.#...# #.........#.#.#
.(.....####'#...# #.........#...#
..(.............# #....##########
................# #.....)........


You could see an ogre.

Vanquished Creatures
  Duvessa (D:6)
  An orc warrior (D:5)
  2 black bears (D:6)
  An ice beast (D:6)
  3 centaurs
  2 bullfrogs
  Dowan (D:6)
  A wyvern skeleton (D:6)
  A scorpion (D:5)
  4 wights
  A howler monkey (D:4)
  A centaur zombie (D:5)
  A crimson imp (D:6)
  A hound (D:6)
  A jelly (D:6)
  7 orc priests (D:6)
  3 orc wizards (D:6)
  Crazy Yiuf (D:3)
  3 worker ants
  A worker ant zombie (D:5)
  4 gnolls (D:6)
  7 adders
  A howler monkey skeleton (D:6)
  3 oozes
  An adder zombie (D:4)
  An adder skeleton (D:4)
  2 worms
  2 dart slugs
  2 leopard geckos (D:2)
  23 orcs
  9 bats
  2 giant cockroaches
  6 goblins
  2 hobgoblins
  3 kobolds
  3 quokkas
  3 ball pythons
  2 frilled lizards
  A quokka skeleton (D:4)
  6 rats
120 creatures vanquished.

Notes
Turn   | Place    | Note
-------+----------+-------------------------------------------
     0 | D:1      | Delamore the Formicid Fighter began the quest for the Orb.
     0 | D:1      | Reached XP level 1. HP: 18/18 MP: 1/1
   176 | D:1      | Reached XP level 2. HP: 10/24 MP: 2/2
   419 | D:1      | Reached skill level 3 in Axes
   866 | D:2      | Reached XP level 3. HP: 26/29 MP: 3/3
  1706 | D:3      | Reached skill level 4 in Axes
  1706 | D:3      | Reached XP level 4. HP: 33/35 MP: 4/4
  2010 | D:3      | Found a runed translucent door.
  2011 | D:3      | Noticed Crazy Yiuf
  2020 | D:3      | Killed Crazy Yiuf
  2578 | D:3      | Reached XP level 5. HP: 41/41 MP: 5/5
  2663 | D:3      | Found a blossoming altar of Fedhas.
  2824 | D:4      | Reached skill level 5 in Axes
  3405 | D:4      | Got an encrusted war axe
  3406 | D:4      | Identified the cursed +0 war axe of the Spectre {vorpal,
                  | rElec} (You found it on level 4 of the Dungeon)
  3614 | D:4      | Found a shimmering blue altar of Sif Muna.
  3828 | D:5      | Entered Level 5 of the Dungeon
  3844 | D:5      | Noticed a bullfrog
  3858 | D:5      | Killed a bullfrog
  3858 | D:5      | Reached skill level 6 in Axes
  3858 | D:5      | Reached XP level 6. HP: 15/47 MP: 6/6
  4146 | D:5      | Found a sacrificial altar of Ru.
  4323 | D:5      | Found a stormy altar of Qazlal.
  4343 | D:5      | Found a shimmering altar of Xom.
  4515 | D:5      | Reached skill level 7 in Axes
  4515 | D:5      | Reached XP level 7. HP: 17/52 MP: 7/7
  5575 | D:6      | Found a white marble altar of Elyvilon.
  5611 | D:6      | Reached skill level 8 in Axes
  5631 | D:6      | Found a basalt altar of Yredelemnul.
  5687 | D:6      | Reached XP level 8. HP: 42/58 MP: 8/8
  5908 | D:6      | Reached skill level 9 in Axes
  6559 | D:6      | Noticed Duvessa
  6853 | D:6      | Killed Duvessa
  6853 | D:6      | Reached skill level 5 in Fighting
  6878 | D:6      | Noticed Dowan
  6881 | D:6      | Reached XP level 9. HP: 53/68 MP: 9/9
  6887 | D:6      | Killed Dowan
  6887 | D:6      | Reached skill level 10 in Axes
  7408 | D:6      | Found a radiant altar of Vehumet.
  7644 | D:6      | Found a glowing silver altar of Zin.
  7646 | D:6      | Found an opulent altar of Gozag.
  7835 | D:7      | HP: 3/71 [ogre/+0 giant club (20)]
  7837 | D:6      | Mangled by an ogre

Illustrated notes

Levels and vault maps discovered:
D:1:      dpeg_arrival_snail, layout_basic, minmay_bisected
D:2:      layout_basic
D:3:      minmay_angry_zag, layout_basic, fedhas_altar_2, serial_park_tiny_pond,
          uniq_crazy_yiuf_cottage
D:4:      layout_basic, led_sif_pool
D:5:      layout_basic, nicolae_overflow_crystal_walls, old_standard_altar,
          first_ration, grunt_qazlal_sundering
D:6:      layout_basic, grunt_temple_overflow_gold_and_silver,
          kennysheep_ying_yang, vehumet_crystals, glass_columns_b, uniq_duvessa
D:7:      layout_basic, overflow_temple_1_default, lemuel_crystal_altar,
          nicolae_dithmenos_shadow_blocks, temple_statues

Skill      XL: |  1  2  3  4  5  6  7  8  9 |
---------------+----------------------------+-----
Axes           | 3 4 6 7 8 9 10 | 10.5
Fighting       | 5 6 |  6.7
Armour         | |  3.2
Shields        | |  3.6

Action                   |  1- 3 |  4- 6 |  7- 9 || total
-------------------------+-------+-------+-------++-------
Melee: War axe           |   104 |   138 |    25 ||   267
       Broad axe         |       |       |   160 ||   160
  Use: Scroll            |       |       |     8 ||     8
       Potion            |       |       |     1 ||     1
  Eat: Chunk             |     3 |     9 |    10 ||    22
Armor: Scale mail        |    13 |       |       ||    13
       Chain mail        |    24 |       |       ||    24
       Ring mail         |    13 |    36 |    69 ||   118
Dodge: Dodged            |    43 |    47 |    63 ||   153
Block: Kite shield       |    58 |    68 |    91 ||   217
